 Dungeon Crawl Stone Soup version 0.24.0-3-g28a8eb0610 (webtiles) character file.

Game seed: 11967577985855427267, levelgen mode: deterministic

51 Mrkan the Skirmisher (level 3, 0/33 HPs)
             Began as a Hill Orc Fighter on Nov 1, 2019.
             Succumbed to a worker ant's poison
             ... on level 4 of the Dungeon.
             The game lasted 00:01:25 (647 turns).

Mrkan the Skirmisher (Hill Orc Fighter)              Turns: 647, Time: 00:01:25

Health: 0/33       AC:  7    Str: 18    XL:     3   Next: 83%
Magic:  3/3        EV:  7    Int:  8    God:
Gold:   65         SH:  9    Dex: 11    Spells: 2/2 levels left

rFire    . . .     SeeInvis .   a - +0 war axe
rCold    . . .     Gourm    .   c - +0 shield
rNeg     . . .     Faith    .   b - +0 scale mail
rPois    .         Spirit   .   (no helmet)
rElec    .         Reflect  .   (no cloak)
rCorr    .         Harm     .   (no gloves)
MR       .....                  (no boots)
Stlth    ..........             (no amulet)
HPRegen  0.11/turn              (no ring)
MPRegen  0.08/turn              (no ring)

@: lethally poisoned (0 -> -6)
A: no striking features
a: no special abilities


You were on level 4 of the Dungeon.
You were not hungry.

You visited 1 branch of the dungeon, and saw 3 of its levels.

You collected 65 gold pieces.

Inventory:

Hand Weapons
 a - a +0 war axe (weapon)
Armour
 b - a +0 scale mail (worn)
 c - a +0 shield (worn)
Scrolls
 e - 2 scrolls of identify {unknown}
 h - a scroll of teleportation {unknown}
Potions
 d - a potion of might
 i - a potion of curing {unknown}
 j - a potion of agility {unknown}
Comestibles
 f - 2 rations
 g - 4 chunks of flesh


   Skills:
 + Level 4.1 Fighting
 * Level 4.0 Axes
 + Level 3.7 Armour
 + Level 3.7 Shields


You had 2 spell levels left.
You didn't know any spells.
Your spell library contained the following spells:

 Spells                   Type           Power        Failure   Level  Hunger
 Animate Skeleton         Necr           N/A          99%         1    ##.....
 Pain                     Necr           #...         99%         1    ##.....
 Regeneration             Chrm/Necr      #.........   100%        3    ####...
 Vampiric Draining        Necr           #.........   100%        3    ####...
 Animate Dead             Necr           N/A          100%        4    #####..


Dungeon Overview and Level Annotations

Branches:
Dungeon (2/15)

Altars:


Message History

The orc hits you but does no damage. The worker ant barely misses you.
You block the orc's attack. You block the orc's attack.
The worker ant bites you.
* * * LOW HITPOINT WARNING * * *
You are lethally poisoned!
The worker ant poisons you! The orc hits you.
* * * LOW HITPOINT WARNING * * *
* * * LOW HITPOINT WARNING * * *
You feel sick. The orc closely misses you.
The worker ant waves its antennae.
You block the worker ant's attack. The orc hits you but does no damage.
* * * LOW HITPOINT WARNING * * *
You feel sick. You block the worker ant's attack. The orc hits you.
* * * LOW HITPOINT WARNING * * *
The worker ant completely misses you. You block the orc's attack.
You block the worker ant's attack.
* * * LOW HITPOINT WARNING * * *
You feel sick. The orc hits you but does no damage.
You block the worker ant's attack.
You die...

#.....#.................#
......##+####...........#
............#...........+
............#...........#
......##....#...........##
#.....##....#########....#
#..............o....#....#
#...............o...#....#
+.............oo@...#....+
#.....##....##.a....'....#
#.....##....##..#####....#
#...........##..##......##
########.........#......#
##.....รท...+......#
#..........#......#
#..........#......#
#..........#......#


You could see a worker ant and 4 orcs.

Vanquished Creatures
  An iguana (D:4)
  An ooze (D:4)
  3 dart slugs (D:1)
  2 ball pythons
  2 bats (D:1)
  3 goblins (D:1)
  A hobgoblin (D:1)
  A kobold (D:2)
  2 frilled lizards
  A rat (D:1)
17 creatures vanquished.

Notes
Turn   | Place    | Note
-------+----------+-------------------------------------------
     0 | D:1      | Mrkan the Hill Orc Fighter began the quest for the Orb.
     0 | D:1      | Reached XP level 1. HP: 19/19 MP: 1/1
   113 | D:1      | Reached XP level 2. HP: 27/27 MP: 2/2
   549 | D:2      | You fall into a shaft and drop 2 floors!
   561 | D:4      | Reached XP level 3. HP: 26/33 MP: 3/3
   646 | D:4      | HP: 1/33 [poisoned by a worker ant]
   647 | D:4      | Succumbed to a worker ant's poison

Levels and vault maps discovered:
D:1:      dpeg_arrival_oval, layout_basic
D:2:      layout_loops_cross, lemuel_crystal_altar
D:4:      layout_gridville, old_standard_altar, first_ration,
          minmay_misc_feat_tiny, uniq_ijyb

Skill      XL: |  1  2  3 |
---------------+----------+-----
Axes           | 3 4 |  4.0
Fighting       | 4 |  4.1
Armour         | |  3.7
Shields        | |  3.7

Action                   || total
-------------------------++-------
Melee: War axe           ||    59
Armor: Scale mail        ||    37
Dodge: Dodged            ||    23
Block: Shield            ||    43
